 Dungeon Crawl Stone Soup version 0.24.0-35-gdb84b6a5db (webtiles) character file.

Game seed: 16439938952079628839, levelgen mode: deterministic

50 Nattfarinn the Caller (level 3, -4/21 HPs)
             Began as an Octopode Summoner on Nov 19, 2019.
             Slain by Natasha (8 damage)
             ... on level 2 of the Dungeon.
             The game lasted 00:03:59 (1436 turns).

Nattfarinn the Caller (Octopode Summoner)           Turns: 1436, Time: 00:04:00

Health: -4/21      AC:  1    Str:  7    XL:     3   Next: 79%
Magic:  2/6        EV: 13    Int: 18    God:
Gold:   88         SH:  0    Dex: 12    Spells: 0/6 levels left

rFire    . . .     SeeInvis .   (no weapon)
rCold    . . .     Gourm    .   (no shield)
rNeg     . . .     Faith    .   (helmet restricted)
rPois    .         Spirit   .   (no amulet)
rElec    .         Reflect  .   h - ring of flight
rCorr    .         Harm     .   (no ring)
MR       .....                  (no ring)
Stlth    +++.......             (no ring)
HPRegen  0.07/turn              (no ring)
MPRegen  0.10/turn              (no ring)
                                (no ring)
                                (no ring)

@: no status effects
A: almost no armour, stealthy swim, amphibious, 8 rings, constrict 8, camouflage
1, gelatinous body 1
a: Evoke Flight


You were on level 2 of the Dungeon.
You were not hungry.

You visited 1 branch of the dungeon, and saw 2 of its levels.

You collected 88 gold pieces.

Inventory:

Jewellery
 h - a ring of flight (left tentacle)
Scrolls
 c - 3 scrolls of remove curse {unknown}
 d - a scroll of fog {unknown}
 e - 2 scrolls of identify {unknown}
 i - 2 scrolls of teleportation {unknown}
 j - a scroll of noise {unknown}
 k - a scroll of enchant weapon {unknown}
Potions
 f - a potion of magic {unknown}
 g - a potion of might {unknown}
Comestibles
 a - 4 chunks of flesh
 b - 2 rations


   Skills:
 - Level 2.0 Dodging
 - Level 2.6 Stealth
 - Level 2.0 Spellcasting
 * Level 5.3 Summonings


You couldn't memorise any spells.
You knew the following spells:

 Your Spells              Type           Power        Failure   Level  Hunger
a - Summon Small Mammal   Summ           ###.         1%          1    #......
b - Call Imp              Summ           ###.....     3%          2    ###....
c - Call Canine Familiar  Summ           ###.....     6%          3    ###....

Your spell library contained the following spells:

 Spells                   Type           Power        Failure   Level  Hunger
 Summon Guardian Golem    Hex/Summ       ##......     19%         3    ###....
 Summon Ice Beast         Ice/Summ       ##......     52%         4    #####..
 Summon Lightning Spire   Summ/Air       ##......     52%         4    #####..


Dungeon Overview and Level Annotations

Branches:
Dungeon (2/15)

Altars:

Annotations:
D:2 Natasha


Innate Abilities, Weirdness & Mutations

You cannot wear most types of armour.
You are very stealthy in the water. (Stealth+)
You are amphibious.
You can wear up to eight rings at the same time.
You can use your tentacles to constrict eight enemies at once.
Your skin changes colour to match your surroundings (Stealth+).
Your rubbery body absorbs attacks. (AC +1, EV +1)


Message History

Natasha is lightly wounded.
Your hound closely misses Natasha.
Natasha claws you!
Your hound barely misses Natasha.
You tentacle-slap Natasha. You grab Natasha.
Natasha is moderately wounded.
You constrict Natasha, but do no damage.
Your hound bites Natasha.
Natasha misses you.
You tentacle-slap Natasha but do no damage.
Natasha is moderately wounded.
You constrict Natasha.
Your hound bites Natasha but does no damage.
Natasha stares at you and mumbles some strange words.
The magic dart hits you!
* * * LOW HITPOINT WARNING * * *
Your crimson imp hits Natasha but does no damage.
Your hound bites Natasha but does no damage.
You tentacle-slap Natasha but do no damage.
Natasha is heavily wounded.
You constrict Natasha.
Your hound bites Natasha.
Natasha claws you!
You die...

.######...# #................. .#
#...# ..#................. .#
#...# #.#####รท#...........
.######...# ..# #..............
.#........#####.###..............
.#.....)##.......##..............
##......##.......##...)..........
#......##.......##..............
##......##....hh@.#..............
........##(....5#.##'##########+#
...##...........#..#.#.......##.#
...##...........##.#.#.###....#..
...##..(...#######.#.#.# #.#..###
...##..(...# #.).#.###.#.....
...##......# ##..#.........##
...######### #..#####.#.#.## ...#
##>........#...


You could see Natasha, a friendly hound and a friendly crimson imp.

Vanquished Creatures
  Natasha (D:2)
  An adder (D:2)
  2 hobgoblins (D:1)
  A jackal (D:2)
  3 kobolds
  5 frilled lizards (D:1)
  A rat (D:1)
14 creatures vanquished.

Vanquished Creatures (collateral kills)
  An adder (D:2)
  2 bats (D:2)
  A giant cockroach (D:1)
  2 goblins (D:2)
  2 hobgoblins
  2 jackals (D:2)
  A kobold (D:1)
11 creatures vanquished.

Grand Total: 25 creatures vanquished

Notes
Turn   | Place    | Note
-------+----------+-------------------------------------------
     0 | D:1      | Nattfarinn the Octopode Summoner began the quest for the
                  | Orb.
     0 | D:1      | Reached XP level 1. HP: 11/11 MP: 3/3
   346 | D:1      | Reached XP level 2. HP: 8/17 MP: 1/5
  1084 | D:2      | Reached skill level 5 in Summonings
  1084 | D:2      | Reached XP level 3. HP: 21/21 MP: 3/6
  1097 | D:2      | Noticed Natasha
  1102 | D:2      | Learned a level 2 spell: Call Imp
  1106 | D:2      | Learned a level 3 spell: Call Canine Familiar
  1118 | D:2      | Killed Natasha
  1425 | D:2      | Noticed Natasha
  1436 | D:2      | Slain by Natasha

Levels and vault maps discovered:
D:1:      onia_arrival_pyramid, layout_basic
D:2:      layout_basic, uniq_natasha

Skill      XL: |  1  2 |
---------------+-------+-----
Summonings     | 5 |  5.3
Dodging        | |  2.0
Stealth        | |  2.6
Spellcasting   | |  2.0

Action                   || total
-------------------------++-------
Melee: Unarmed           ||    57
       Constrict         ||    17
       Tentacles         ||     6
 Cast: Summon Small Mamm ||    14
       Call Canine Famil ||     3
       Call Imp          ||     1
  Use: Potion            ||     1
 Stab: Sleeping          ||     3
  Eat: Chunk             ||     2
Armor: Skin              ||     7
Dodge: Dodged            ||    78
